Description

Ravager all-in.Send first 3 Ravagers straight to the opponent ramp,have vision on the ramp from firts Overlord and follow by more Ravagers.

Build Order

Get SALT Encoding   

  12  0:18  Spawning Pool  
  11  0:21  Drone  
  12  0:27  Drone  
  13  0:31  Drone  
  14  0:35  Drone, Extractor  
  14  0:46  Drone, Extractor  
  14  1:05  Drone, Roach Warren  
  14  1:17  Overlord  
  14  1:44  Roach x3  
  20  2:00  Overlord  
  20  2:20  Ravager x3  
  23  2:23  Roach  
  25  2:29  Roach  
  27  2:41  Overlord  
  27  2:47  Ravager, Roach  
Spawning Tool Build Advisor. Get it on Overwolf

Go to:

Details

  • Created by: voX
  • Published on: Jun 25, 2017
  • Modified on: Jun 25, 2017
  • Patch: 3.8.0
Show
View Real Time Build Order
Export as new Build Order

Comments (0)

There are no comments. Be the first!

Create an account to comment!